Map: 2000 Atmospheres LE

Players

GuMiho

  • Race: Terran Terran

Trap - Winner!

  • Race: Protoss Protoss

Event: TSL 8

VOD

Have the link to the VOD?

Description

Time

  • Played on: Nov. 26, 2021, 6:41 a.m.
  • Length: 10:26

All games in this series

Show
View Real Time Build Order
Export as new Build Order

GuMiho Terran 

Build Orders: Cyclone Opening 

Get SALT Encoding   

  12  0:00  SCV  
  13  0:12  SCV  
  14  0:16  Supply Depot  
  14  0:24  SCV  
  15  0:38  SCV  
  15  0:39  Barracks  
  16  0:42  Refinery  
  16  0:50  SCV  
  17  1:02  SCV  
  18  1:14  SCV  
  19  1:26  Orbital Command  
  20  1:36  Command Center  
  20  1:39  Marine  
  20  1:50  Factory  
  20  1:53  SCV  
  21  1:59  Refinery  
  21  2:01  Barracks Reactor  
  21  2:05  SCV  
  22  2:10  Supply Depot  
  22  2:17  SCV  
  23  2:32  SCV  
  23  2:34  Factory Tech Lab  
  24  2:37  Starport  
  24  2:38  Marine x2  
  26  2:44  SCV  
  26  2:47  Orbital Command  
  27  2:56  Cyclone  
  27  2:58  SCV  
  31  3:02  Marine  
  31  3:04  Marine  
  33  3:10  SCV  
  34  3:14  SCV  
  34  3:16  Medivac  
  37  3:20  Supply Depot  
  37  3:23  SCV  
  37  3:25  Marine  
  39  3:31  SCV  
  40  3:35  SCV  
  40  3:41  Factory Tech Lab  
  41  3:42  Refinery  
  41  3:43  SCV, Marine x2  
  41  3:47  SCV  
  45  3:49  Supply Depot  
  45  3:57  SCV  
  45  3:59  SCV  
  45  4:00  Marine  
  45  4:01  Marine  
  49  4:08  Raven  
  52  4:10  SCV  
  52  4:11  SCV  
  52  4:15  Supply Depot, Barracks  
  56  4:17  Siege Tank  
  56  4:23  SCV x2  
  56  4:24  Marine x2  
  60  4:32  Supply Depot  
  61  4:38  SCV x2  
  61  4:42  Marine x2  
  61  4:44  Supply Depot  
  64  4:49  Siege Tank  
  64  4:50  SCV x2  
  64  4:51  Engineering Bay  
  69  5:02  SCV x2  
  69  5:03  Engineering Bay  
  69  5:04  Starport Reactor, Barracks  
  71  5:09  Supply Depot x2  
  71  5:10  Stimpack  
  71  5:11  Marine  
  71  5:13  Marine  
  71  5:14  Marine  
  74  5:15  SCV  
  74  5:19  Terran Infantry Weapons Level 1  
  75  5:21  SCV  
  75  5:24  Siege Tank  
  79  5:29  Marine  
  79  5:30  SCV  
  79  5:31  Marine  
  79  5:33  SCV  
  79  5:34  Supply Depot, Refinery  
  84  5:40  Marauder  
  84  5:42  Medivac  
  87  5:46  Medivac  
  87  5:48  SCV x2  
  91  5:52  Supply Depot  
  90  6:00  SCV x2  
  90  6:01  Marauder  
  90  6:02  Marauder, Combat Shield  
  96  6:18  Command Center  
  96  6:20  Marine x2, Barracks  
  96  6:23  Marauder, Barracks  
  96  6:24  Marauder  
  102  6:26  Supply Depot  
  102  6:27  Factory Reactor  
  102  6:30  Medivac  
  102  6:31  Medivac  
  106  6:44  Marauder  
  106  6:45  Marauder  
  94  7:06  Marauder x2  
  83  7:10  Medivac x2  
  83  7:12  Marine x2  
  78  7:17  Barracks Reactor  
  78  7:18  Barracks Tech Lab  
  74  7:23  Widow Mine x2  
  74  7:24  SCV x2  
  74  7:26  Terran Infantry Armor Level 1  
  74  7:27  Marauder  
  74  7:28  Marauder  
  74  7:29  Concussive Shells  
  80  7:32  Orbital Command  
  80  7:35  Marine x2  
  80  7:36  SCV x2  
  84  7:39  Marauder  
  86  7:49  Marauder x2  
  85  7:53  Marine x2  
  85  7:57  Marine x2  
  86  8:00  Marauder  
  82  8:09  Widow Mine x2, Medivac  
  82  8:10  Marauder x2  
  82  8:11  Medivac, Marine x2  
  90  8:15  Marine x2  
  90  8:21  Marauder  
  91  8:29  Marine x2  
  91  8:30  Widow Mine x2  
  91  8:31  Marauder  
  91  8:32  Marauder, Marine  
  91  8:33  Marine  
  98  8:37  Orbital Command  
  91  8:43  Marauder  
  91  8:46  Marine  
  91  8:47  Marine  
  89  8:51  Widow Mine x2  
  90  8:56  Marine x2  
  90  8:57  Marine  
  85  9:13  Widow Mine x2  
  85  9:14  SCV x2  
  87  9:18  SCV  
  87  9:21  Marine x4  
  87  9:22  Marauder x3  
  87  9:23  Medivac x2  
  102  9:26  Ghost Academy  
  102  9:27  SCV x2  
  102  9:28  Engineering Bay, Armory  
  102  9:29  Refinery  
  102  9:30  SCV  
  105  9:33  Refinery  
  105  9:36  Widow Mine x2  
  109  9:43  Marauder  
  108  9:47  SCV x2  
  103  9:55  Marauder x2, Marine x2  
Show
View Real Time Build Order
Export as new Build Order

Trap Protoss - Winner!

Build Orders: 1 Gate Expand, Archon Immortal, Blink Stalkers 

Get SALT Encoding   

  12  0:00  Probe  
  13  0:12  Probe  
  14  0:17  Pylon  
  14  0:24  Probe (Chrono Boost)  
  15  0:36  Gateway, Probe (Chrono Boost)  
  16  0:44  Probe (Chrono Boost)  
  16  0:45  Assimilator  
  17  0:50  Probe  
  18  1:03  Probe  
  19  1:15  Probe  
  20  1:23  Cybernetics Core  
  20  1:32  Nexus  
  20  1:39  Pylon  
  20  1:42  Probe  
  21  1:47  Assimilator  
  21  1:54  Probe  
  22  1:56  Stalker (Chrono Boost)  
  24  2:02  Warp Gate  
  24  2:06  Probe  
  25  2:16  Adept (Chrono Boost)  
  25  2:18  Probe  
  28  2:26  Twilight Council  
  28  2:30  Probe  
  29  2:40  Stalker  
  32  2:44  Probe (Chrono Boost)  
  32  2:49  Probe (Chrono Boost)  
  33  2:53  Probe (Chrono Boost)  
  33  2:57  Blink (Chrono Boost), Probe (Chrono Boost)  
  35  2:58  Probe  
  36  3:07  Probe  
  36  3:10  Probe  
  38  3:15  Gateway  
  38  3:19  Probe  
  39  3:22  Probe  
  39  3:25  Robotics Facility  
  40  3:33  Probe  
  41  3:35  Probe  
  42  3:42  Pylon  
  42  3:45  Probe  
  42  3:47  Probe  
  44  3:51  Stalker  
  46  3:57  Nexus  
  46  4:01  Shield Battery  
  46  4:04  Probe  
  46  4:09  Probe  
  46  4:14  Stalker x2, Observer  
  51  4:18  Pylon  
  51  4:19  Probe  
  51  4:22  Probe  
  53  4:25  Pylon  
  53  4:31  Assimilator  
  53  4:33  Probe  
  53  4:34  Assimilator, Pylon  
  53  4:36  Probe  
  54  4:43  Stalker x2  
  58  4:48  Probe x2  
  58  4:49  Observer  
  58  4:51  Pylon  
  60  4:59  Templar Archives  
  60  5:00  Probe x2  
  60  5:05  Observer  
  63  5:08  Gateway  
  63  5:10  Shield Battery  
  63  5:12  Psionic Storm, Probe (Chrono Boost)  
  66  5:16  Assimilator  
  66  5:18  Probe x2 (Chrono Boost)  
  67  5:22  Assimilator, Probe (Chrono Boost)  
  67  5:25  Charge  
  67  5:26  Probe x2 (Chrono Boost)  
  67  5:27  Probe (Chrono Boost)  
  70  5:36  Probe  
  70  5:39  Gateway  
  70  5:41  Probe x2  
  73  5:48  Gateway  
  73  5:49  Probe  
  74  5:53  High Templar  
  74  5:56  High Templar  
  78  5:57  Pylon  
  78  5:58  Probe x2  
  78  6:01  Probe  
  78  6:04  Gateway  
  81  6:06  Gateway  
  81  6:09  Observer  
  81  6:10  Probe x2  
  82  6:13  Probe  
  82  6:15  High Templar  
  82  6:16  Shield Battery  
  85  6:18  Shield Battery  
  85  6:21  Immortal (Chrono Boost)  
  89  6:27  High Templar  
  89  6:29  High Templar  
  93  6:38  Gateway, Zealot  
  95  6:40  Pylon  
  95  6:47  Archon  
  95  6:49  Zealot x2  
  95  6:54  Immortal  
  101  6:58  Stalker x2  
  101  7:00  Zealot  
  101  7:01  Zealot  
  101  7:05  Probe x3  
  101  7:06  Observer  
  100  7:17  Archon  
  100  7:18  Forge  
  100  7:22  High Templar x2  
  96  7:23  Zealot x3, High Templar x2  
  108  7:32  Pylon  
  108  7:33  Pylon  
  108  7:39  Nexus  
  108  7:41  Pylon  
  108  7:46  Warp Prism (Chrono Boost)  
  108  8:00  Archon  
  108  8:03  Stalker x8  
  110  8:13  Archon  
  110  8:14  Immortal (Chrono Boost)  
  110  8:19  Protoss Ground Weapons Level 1 (Chrono Boost)  
  104  8:29  Zealot x8  
  104  8:30  Forge  
  111  8:48  Immortal (Chrono Boost)  
  101  8:56  High Templar x4  
  101  8:57  Zealot x4  
  115  9:16  Probe  
  115  9:17  Probe x3  
  115  9:22  High Templar x3  
  115  9:23  High Templar  
  123  9:24  Photon Cannon  
  123  9:26  Pylon  
  123  9:27  Archon, Pylon  
  123  9:28  Archon, Sentry  
  123  9:29  Zealot x3  
  131  9:33  Observer (Chrono Boost)  
  132  9:46  Gateway  
  132  9:47  Gateway  
  120  9:57  Zealot x5  
  120  9:58  Zealot  
  120  9:59  Zealot  
  122  10:08  Archon  
  122  10:09  Archon  
Tags
 
Add a new tag
Caveats
  • Supply blocks, unpowered buildings, or Contaminate may cause inaccurate times.
  • Supply counts are checked every 10 seconds.